AoeStats
← jeremy.is.tall

Arena

509455525Analyzed
1v1 RM · 6d ago on Sep 26, 2026· 54m 19s· 2 players
Game mode
Random Map
Map size
Tiny (2 player)
Population
200
Speed
Normal
Resources
Standard
Victory
Conquest
Starting age
Dark Age
Ending age
Imperial Age
RankedLock teamsTeams togetherTeam positionsShared explorationLock speedFull tech treeHidden civsTurbo modeCheats
Victory
Defeat
🇳🇱 Danes · Netherlands
1017
+18
🇨🇦 Shu · Canada
1055
-18
Medina90
11:51 Feudal Age
15:22 Castle Age
13:30 Double-Bit Axe
16:17 Horse Collar
22:33 Scale Mail Armor
24:31 Chain Mail Armor
25:08 Wheelbarrow
24:58 Forging
27:46 Heavy Plow
27:58 Bow Saw
28:15 Gold Mining
28:15 Stone Mining
28:55 Loom
33:11 Imperial Age
32:39 Hand Cart
32:10 Town Watch
33:02 Iron Casting
33:50 Pikeman
34:30 Squires
34:15 Arson
34:22 Onager
34:59 Halberdier
39:24 Elite Jomsviking
40:40 Elite Skirmisher
41:46 Siege Onager
42:54 Fletching
43:05 Padded Archer Armor
44:02 Bodkin Arrow
44:57 Bracer
45:13 Leather Archer Armor
45:28 Plate Mail Armor
45:58 Blast Furnace
45:33 Masonry
46:13 Scale Barding Armor
47:08 Blast Furnace
47:25 Bloodlines
47:16 Husbandry
47:48 Ring Archer Armor
48:22 Chemistry
47:43 Ballistics
46:47 Capped Ram
49:51 Chain Barding Armor
50:00 Siege Ram
jeremy.is.tall
11:18 Feudal Age
12:34 Double-Bit Axe
12:31 Horse Collar
15:10 Castle Age
13:23 Double-Bit Axe
14:31 Loom
15:52 Light Cavalry
17:31 Husbandry
19:30 Bow Saw
20:36 Wheelbarrow
19:49 Horse Collar
21:01 Heavy Plow
27:33 Crossbowman
28:06 Fletching
28:58 Gold Mining
29:40 Bodkin Arrow
31:22 Gold Shaft Mining
31:03 Padded Archer Armor
36:11 Imperial Age
36:24 Thumb Ring
36:56 Arbalester
37:37 Bracer
43:23 Stone Mining
47:52 Forging
47:58 Leather Archer Armor
49:39 Ballistics
50:19 Chemistry
51:58 Scale Barding Armor
Connection lost

Rejoining the realm…

Still unreachable

The connection could not be restored.

Session expired

The server has moved on; the page needs a fresh start.